 Dungeon Sprint DCSS version 0.28.0-49-g6dfe1f597d (webtiles) character file.

Game seed: 17843488394474566509

21492 Revguard the Demonic Aeon (level 12, -10/105 HPs)
             Began as a Demonspawn Fighter on May 16, 2022.
             Was the Champion of Cheibriados.
             Killed by divine providence
             ... invoked by a daeva
              (16 damage)
             ... in the Dungeon (Sprint V: "Ziggurat Sprint").
             The game lasted 00:14:24 (1426 turns).

Revguard the Demonic Aeon (Demonspawn Fighter)      Turns: 1426, Time: 00:14:24

Health: -10/105    AC: 34    Str: 49      XL:     12   Next: 54%
Magic:  19/24      EV: 20    Int: 31      God:    Cheibriados [******]
Gold:   0          SH: 33    Dex: 30 (34) Spells: 11/11 levels left

rFire   . . .      SeeInvis .   E - +7 Screaming Sword {vorpal, sonic wave}
rCold   . . .      Faith    .   D - +18 shield of the Gong {rElec rN+ Will+ EV-5}
rNeg    + + .      Spirit   .   C - +15 Maxwell's patent armour {-Cast -Tele rElec Will+ rCorr}
rPois   +          Reflect  .   (no helmet)
rElec   +          Harm     .   (no cloak)
rCorr   +          Rampage  .   c - +1 pair of gloves {Stlth+}
Will    ++...      NoTele   +   S - +0 pair of boots "Qianokhle" {rPois Str+9 Int+6 Stlth-}
Stlth   .......... NoCast   +   K - amulet of regeneration
HPRegen 1.07/turn               M - ring "Catiqonk" {rN+ Slay+2}
MPRegen 0.19/turn               x - +6 ring of strength

@: agile, glowing, studying Crossbows, very slow
A: thin skeletal structure 2, ignite blood 2, powered by pain 2, weakness
stinger 1, deterioration 1
a: Renounce Religion, Bend Time, Temporal Distortion, Slouch, Step From Time


You were in the Dungeon.
You worshipped Cheibriados.
Cheibriados was exalted by your worship.
You visited 1 branch

Inventory:

Hand Weapons
 E - the +7 Screaming Sword (weapon) {vorpal, sonic wave}
   (You found it in the Dungeon)

   It inflicts extra damage upon your enemies.
   It radiates damaging sonic waves as it strikes, especially in combat
   involving dangerous or numerous foes.
Missiles
 N - a throwing net (quivered)
Armour
 c - a +1 pair of gloves of stealth (worn)
 C - the +15 Maxwell's patent armour (worn) {-Cast -Tele rElec Will+ rCorr}
   (You found it in the Dungeon)

   rElec:     It insulates you from electricity.
   -Cast:     It prevents spellcasting.
   -Tele:     It prevents most forms of teleportation.
   rCorr:     It protects you from acid and corrosion.
   Will:      It increases your willpower.
 D - the +18 shield of the Gong (worn) {rElec rN+ Will+ EV-5}
   (You found it in the Dungeon)

   It is deafeningly noisy when blocking attacks.
   EV:        It affects your evasion (-5).
   rElec:     It insulates you from electricity.
   rN:        It protects you from negative energy.
   Will:      It increases your willpower.
 S - the +0 pair of boots "Qianokhle" (worn) {rPois Str+9 Int+6 Stlth-}
   (You found it in the Dungeon)

   Str:       It affects your strength (+9).
   Int:       It affects your intelligence (+6).
   rPois:     It protects you from poison.
   Stlth:     It makes you less stealthy.
Jewellery
 a - a ring of see invisible
 b - a ring of poison resistance
 n - the ring "Taetios" {Contam Int+6 Dex+5}
   (You found it in the Dungeon)

   [ring of intelligence]

   Int:       It affects your intelligence (+6).
   Dex:       It affects your dexterity (+5).
   Contam:    It causes magical contamination when unequipped.
 s - a ring of flight
 t - a +6 ring of dexterity
 u - a +6 ring of dexterity
 v - a +6 ring of intelligence
 w - a +6 ring of intelligence
 x - a +6 ring of strength (right hand)
 y - a +6 ring of strength
 I - an amulet of reflection
 J - the ring of Omai {Fly rElec}
   (You found it in the Dungeon)

   [ring of flight]

   rElec:     It insulates you from electricity.
   Fly:       It grants you flight.
 K - an amulet of regeneration (around neck)
 M - the ring "Catiqonk" (left hand) {rN+ Slay+2}
   (You found it in the Dungeon)

   [ring of positive energy]

   Slay:      It affects your accuracy & damage with ranged weapons and melee
   (+2).
   rN:        It protects you from negative energy.
 O - a +4 ring of protection
 Q - the ring "Lemnacsu" {*Corrode rPois EV+4 Str-3 Dex+10}
   (You found it in the Dungeon)

   [ring of evasion]

   EV:        It affects your evasion (+4).
   Str:       It affects your strength (-3).
   Dex:       It affects your dexterity (+10).
   rPois:     It protects you from poison.
   *Corrode:  It may corrode you when you take damage.
 R - an amulet of magic regeneration
 U - a ring of protection from cold
 V - a +4 ring of protection
Wands
 z - a wand of mindburst (7)
 A - a wand of iceblast (7)
 B - a wand of acid (7)
Scrolls
 j - 4 scrolls of blinking
 o - 4 scrolls of amnesia
 p - 7 scrolls of fog
 q - 5 scrolls of identify
 r - 2 scrolls of fear
 G - 4 scrolls of enchant weapon
 L - 2 scrolls of brand weapon
Potions
 d - 6 potions of might
 e - 10 potions of curing
 f - 10 potions of heal wounds
 g - 6 potions of haste
 h - 7 potions of magic
 i - 3 potions of berserk rage
 k - 2 potions of brilliance
 l - 2 potions of invisibility
 m - 4 potions of resistance
Miscellaneous
 F - a lightning rod (4/4)
 H - a tin of tremorstones (2/2)
 P - a condenser vane
 T - a box of beasts
 W - a phial of floods


   Skills:
 + Level 13.1 Fighting
 + Level 12.3 Long Blades
 + Level 12.1 Armour
 + Level 11.8 Dodging
 + Level 12.1 Shields
 + Level 16.2 Invocations
 + Level 12.7 Evocations


You had 11 spell levels left.
You didn't know any spells.
Your spell library contained the following spells:

 Spells                   Type           Power      Damage    Failure   Level
 Magic Dart               Conj           0%         1d3       52%         1
 Slow                     Hex            0%         N/A       52%         1
 Sting                    Tmut/Pois      0%         1d3       52%         1
 Blink                    Tloc           0%         N/A       65%         2
 Corpse Rot               Necr/Air       0%         N/A       65%         2
 Poisonous Vapours        Pois/Air       0%         N/A       65%         2
 Searing Ray              Conj           0%         2d4       65%         2
 Confusing Touch          Hex            0%         N/A       87%         3
 Dazzling Flash           Conj/Hex       0%         N/A       87%         3
 Frozen Ramparts          Ice            0%         1d2       87%         3
 Spider Form              Tmut/Pois      0%         N/A       87%         3
 Vampiric Draining        Necr           0%         2d6       87%         3
 Animate Dead             Necr           0%         N/A       99%         4
 Flame Wave               Conj/Fire      0%         2d4       99%         4
 Fulminant Prism          Conj/Hex       0%         3d6       99%         4
 Ice Form                 Ice/Tmut       0%         N/A       99%         4
 Iskenderun's Mystic Bla  Conj/Tloc      0%         2d3       99%         4
 Olgreb's Toxic Radiance  Pois           0%         N/A       99%         4
 Summon Ice Beast         Ice/Summ       0%         N/A       99%         4
 Agony                    Necr           0%         N/A       100%        5
 Lee's Rapid Deconstruct  Erth           0%         3d5*      100%        5
 Manifold Assault         Tloc           0%         N/A       100%        5
 Silence                  Hex/Air        0%         N/A       100%        5
 Dispersal                Tloc           0%         N/A       100%        6
 Storm Form               Tmut/Air       0%         N/A       100%        7
 Disjunction              Tloc           0%         N/A       100%        8
 Ignition                 Fire           0%         3d3       100%        8
 Fire Storm               Conj/Fire      0%         5d1       100%        9


Dungeon Overview and Level Annotations

Branches:
Dungeon (1/1)

Altars:
Ashenzari
Cheibriados
Dithmenos
Elyvilon
Fedhas
Gozag
Hepliaklqana
Kikubaaqudgha
Makhleb
Nemelex Xobeh
Okawaru
Qazlal
Ru
Sif Muna
Trog
Uskayaw
Vehumet
Wu Jian
Xom
Yredelemnul
Zin
The Shining One
Beogh
Jiyva
Lugonu

Annotations:
D 1 transporter


Innate Abilities, Weirdness & Mutations

You have a moderately thin skeletal structure. (Dex +4, Stealth++)
Your demonic aura often causes spilled blood to erupt in flames.
You sometimes gain power by taking damage.
You have a small tail.
Your body sometimes deteriorates upon taking damage.


Message History

You block the angel's attack.
BONNNG!
Press: ? - help, v - describe, . - travel
Here: a pearl dragon (haloed)
The floor.
You open the pearl dragon like a pillowcase!!!
The Screaming Sword screams, "I WILL SING THE SONG THAT ENDS THE WORLD!"
You send a blast of sound all around you.
The daevas, the pearl dragon and the angel are blasted.
The daeva is lightly wounded.
The pearl dragon is heavily wounded.
The angel is lightly wounded.
The daeva is lightly wounded.
The pearl dragon is heavily wounded.
You block the angel's attack.
GONNNNG!
You block the angel's attack.
GONNNNG!
The pearl dragon bites you. The pearl dragon sears you!!
Your body deteriorates!
You feel clumsy.
You focus on the pain.
You feel agile all of a sudden. You block the pearl dragon's attack.
GONNNNG!
Activating: Slouch (0% risk of failure)
Press: ? - help, Dir - look around, f - activate You can feel time thicken for a moment.
The pearl dragon breathes cleansing flame at you.
The blast of cleansing flame engulfs you!!!
You writhe in agony!
* * * LOW HITPOINT WARNING * * *
Your body deteriorates!
You feel clumsy.
You focus on the pain.
You feel more agile all of a sudden. You block the angel's attack.
GONNNNG!
You block the angel's attack.
GONNNNG!
The daeva calls down the wrath of the Shining One upon you.
The Shining One smites you!
You die...

▓........▓.
▓....8©8....▓..†.†...▓.
▓..))))):)..▓.▓..†.▓.▓.
▓...}"))::..▓...©....▓.
▓...........▓▓▓▓▓▓▓▓▓▓▓
▓...........▓...8©8...▓
▓...........▓..).}....▓
▓...ADA§....▓..)}.)...▓
▓.A@§.▓ ▓....).)..▓
▓▓§§§▓▓ ▓...))(...▓
▓..▓.....▓..▓.........▓
▓.....©.....▓.........▓
▓▓▓▓▓▓▓▓▓▓▓▓▓.▓.....▓.▓
▓....8©8....▓....©....▓
▓...|[))}:..▓▓▓▓▓▓▓▓▓▓▓
▓....)).|...▓...8©8...▓
▓...........▓...|.....▓


You could see 2 daevas, a pearl dragon (catching breath) and an angel.

Vanquished Creatures
  3 deep elf master archers (D)
  An acid blob (D)
  An azure jelly (D)
  2 rockslimes (D)
  A fire giant (D)
  A stone giant (D)
  3 two-headed ogres (D)
  2 dancing weapons (D)
  2 deep elf knights (D)
  A deep elf archer (D)
  A deep elf zephyrmancer (D)
  A shining eye (D)
  4 cyclopes (D)
  A naga mage (D)
  2 trolls (D)
  3 merfolk (D)
  4 slime creatures (D)
  3 tarantellas (D)
  A jumping spider (D)
  A jumping spider (shapeshifter) (D)
  A spriggan (D)
  A fire elemental (D)
  2 golden eyes (D)
  2 water moccasins (D)
  2 nagas (D)
  A black bear (D)
  An orc warrior (D)
  A necrophage (D)
  An ogre (D)
  A wolf (D)
  3 centaurs (D)
  3 phantoms (D)
  2 earth elementals (D)
  5 scorpions (D)
  2 orc priests (D)
  5 jellies (D)
  3 orc wizards (D)
  An adder (D)
  An adder zombie (D)
  An adder skeleton (D)
  3 ball pythons (D)
  A bat zombie (D)
  4 endoplasms (D)
  A quokka zombie (D)
86 creatures vanquished.

Vanquished Creatures (others)
  A water elemental (D)
1 creature vanquished.

Grand Total: 87 creatures vanquished

Notes
Turn   | Place    | Note
-------+----------+-------------------------------------------
     0 | D        | Revguard the Demonspawn Fighter began the quest for the
                  | Orb.
     0 | D        | Reached XP level 1. HP: 18/18 MP: 1/1
     0 | D        | Found a shimmering blue altar of Sif Muna.
     0 | D        | Found a sacrificial altar of Ru.
     0 | D        | Found a bloodstained altar of Trog.
     0 | D        | Found a stormy altar of Qazlal.
     0 | D        | Found an iron altar of Okawaru.
     0 | D        | Found a sparkling altar of Nemelex Xobeh.
     0 | D        | Found a blossoming altar of Fedhas.
     0 | D        | Found the +6 Majin-Bo {vamp, MP+6 Int+6}
     0 | D        | Found the +9 heavy crossbow "Sniper" {vorpal, Acc+∞ SInv}
     0 | D        | Found the +10 dark maul {vorpal}
     0 | D        | Found the +15 Maxwell's patent armour {-Cast -Tele rElec
                  | Will+ rCorr}
     0 | D        | Found the +18 shield of the Gong {rElec rN+ Will+ EV-5}
     0 | D        | Found the +14 obsidian axe {vorpal, Mesm Drain Fly SInv}
     0 | D        | Found the +7 great mace "Firestarter" {inner flame, rF++}
     0 | D        | Found the +6 shillelagh "Devastator" {shatter}
     0 | D        | Found the +11 plutonium sword {Contam Stlth-}
     0 | D        | Found the +8 lance "Wyrmbane" {slay drac, rPois rF+ rC+
                  | AC+3}
     0 | D        | Found the +9 sword of Zonguldrok {reap}
     0 | D        | Found the +13 scythe of Curses {drain, Drain}
     0 | D        | Found the +5 sword of Power {vorpal}
     0 | D        | Found the +7 mace of Variability {chain chaos}
     0 | D        | Found the +7 Singing Sword {vorpal, sonic wave}
     0 | D        | Found the +8 storm bow {elec, penet}
     2 | D        | Found a transporter.
     2 | D        | Found an ancient bone altar of Kikubaaqudgha.
     2 | D        | Found a viscous altar of Jiyva.
     2 | D        | Found a corrupted altar of Lugonu.
     2 | D        | Found a hazy altar of Hepliaklqana.
     2 | D        | Found a burning altar of Makhleb.
     2 | D        | Found an opulent altar of Gozag.
    81 | D        | Became a worshipper of Cheibriados the Contemplative
   101 | D        | Entered arena 2.
   101 | D        | Noticed a jelly
   101 | D        | Found a transporter.
   104 | D        | Killed a jelly
   105 | D        | Reached skill level 1 in Dodging
   105 | D        | Reached skill level 2 in Invocations
   105 | D        | Reached skill level 1 in Evocations
   105 | D        | Gained mutation: You have a small tail. [demonic ancestry]
   105 | D        | Reached XP level 2. HP: 25/25 MP: 1/3
   105 | D        | Reached XP level 3. HP: 30/30 MP: 1/4
   111 | D        | Reached skill level 5 in Fighting
   111 | D        | Reached skill level 5 in Long Blades
   111 | D        | Reached skill level 5 in Invocations
   111 | D        | Reached XP level 4. HP: 38/39 MP: 1/7
   163 | D        | Entered arena 3.
   163 | D        | Noticed a spriggan
   163 | D        | Noticed a wolf
   163 | D        | Noticed a black bear
   163 | D        | Found a transporter.
   169 | D        | Killed a wolf
   169 | D        | Reached * piety under Cheibriados
   170 | D        | Reached skill level 5 in Armour
   170 | D        | Gained mutation: Your demonic aura sometimes causes spilled
                  | blood to erupt in flames. [demonic ancestry]
   170 | D        | Reached XP level 5. HP: 33/44 MP: 7/9
   170 | D        | Killed a spriggan
   170 | D        | Reached ** piety under Cheibriados
   171 | D        | Reached skill level 5 in Shields
   171 | D        | Reached skill level 6 in Invocations
   171 | D        | Reached skill level 5 in Evocations
   171 | D        | Gained mutation: You sometimes gain a little power by
                  | taking damage. [demonic ancestry]
   171 | D        | Reached XP level 6. HP: 39/52 MP: 7/10
   173 | D        | Reached skill level 5 in Dodging
   237 | D        | Entered arena 4.
   237 | D        | Noticed a deep elf archer
   237 | D        | Noticed a deep elf zephyrmancer
   237 | D        | Found a transporter.
   241 | D        | Killed a deep elf archer
   242 | D        | Reached skill level 8 in Invocations
   242 | D        | Gained mutation: You have a somewhat thin skeletal
                  | structure. (Dex +2, Stealth+) [demonic ancestry]
   242 | D        | Reached XP level 7. HP: 47/60 MP: 11/13
   242 | D        | Killed a deep elf zephyrmancer
   242 | D        | Reached *** piety under Cheibriados
   243 | D        | Reached skill level 9 in Invocations
   243 | D        | Reached XP level 8. HP: 27/68 MP: 14/14
   249 | D        | Got the ring "Taetios" {Contam Int+6 Dex+5}
   439 | D        | Entered arena 5.
   439 | D        | Noticed a tarantella
   439 | D        | Found a transporter.
   445 | D        | Killed a tarantella
   445 | D        | Reached **** piety under Cheibriados
   447 | D        | Reached ***** piety under Cheibriados
   455 | D        | Entered arena 6.
   455 | D        | Noticed a tarantella
   455 | D        | Noticed a jumping spider
   455 | D        | Noticed a tarantella
   455 | D        | Found a transporter.
   459 | D        | Killed a tarantella
   464 | D        | Killed a tarantella
   465 | D        | Reached skill level 10 in Invocations
   465 | D        | Gained mutation: Your demonic aura often causes spilled
                  | blood to erupt in flames. [demonic ancestry]
   465 | D        | Reached XP level 9. HP: 61/75 MP: 16/16
   613 | D        | Entered arena 7.
   614 | D        | Found a transporter.
   619 | D        | Reached ****** piety under Cheibriados
   627 | D        | Got the ring of Omai {Fly rElec}
   683 | D        | Entered arena 8.
   684 | D        | Found a transporter.
   694 | D        | Reached skill level 11 in Invocations
   808 | D        | Entered arena 9.
   808 | D        | Noticed a merfolk
   808 | D        | Noticed a cyclops
   808 | D        | Noticed a merfolk
   808 | D        | Noticed a merfolk
   809 | D        | Found a transporter.
   813 | D        | Killed a cyclops
   813 | D        | Killed a merfolk
   814 | D        | Gained mutation: You sometimes gain power by taking damage.
                  | [demonic ancestry]
   814 | D        | Reached XP level 10. HP: 49/84 MP: 18/18
   824 | D        | Got the ring "Catiqonk" {rN+ Slay+2}
   958 | D        | Entered arena 10.
   959 | D        | Found a transporter.
   966 | D        | Reached skill level 12 in Invocations
   982 | D        | Got the Papyrus of Doomed Poison
   985 | D        | Got the ring "Lemnacsu" {*Corrode rPois EV+4 Str-3 Dex+10}
   996 | D        | Entered arena 11.
   996 | D        | Noticed a naga mage
   997 | D        | Found a transporter.
  1000 | D        | Reached skill level 10 in Fighting
  1006 | D        | Killed a naga mage
  1013 | D        | Got the +0 pair of boots "Qianokhle" {rPois Str+9 Int+6
                  | Stlth-}
  1037 | D        | Entered arena 12.
  1037 | D        | Noticed a deep elf master archer
  1037 | D        | Noticed a deep elf knight
  1037 | D        | Noticed a +0 glaive of flaming
  1037 | D        | Noticed a deep elf master archer
  1037 | D        | Noticed a +5 battleaxe of flaming
  1038 | D        | Noticed a deep elf knight
  1038 | D        | Noticed a deep elf master archer
  1040 | D        | Killed a +5 battleaxe of flaming
  1040 | D        | Killed a deep elf knight
  1041 | D        | Reached skill level 10 in Long Blades
  1041 | D        | Reached skill level 10 in Evocations
  1041 | D        | Found a transporter.
  1042 | D        | Killed a deep elf knight
  1042 | D        | Killed a +0 glaive of flaming
  1043 | D        | Reached skill level 10 in Armour
  1043 | D        | Reached skill level 10 in Shields
  1043 | D        | Reached skill level 13 in Invocations
  1043 | D        | Reached XP level 11. HP: 42/92 MP: 14/20
  1043 | D        | Killed a deep elf master archer
  1044 | D        | Killed a deep elf master archer
  1044 | D        | Killed a deep elf master archer
  1045 | D        | Reached skill level 10 in Dodging
  1045 | D        | Reached skill level 14 in Invocations
  1058 | D        | Got Tazon's Disquisition on Blistering Air
  1212 | D        | Entered arena 13.
  1212 | D        | Noticed a stone giant
  1212 | D        | Noticed a fire giant
  1212 | D        | Noticed a two-headed ogre
  1212 | D        | Noticed a two-headed ogre
  1213 | D        | Noticed a two-headed ogre
  1214 | D        | Found a transporter.
  1219 | D        | Killed a two-headed ogre
  1221 | D        | Killed a fire giant
  1222 | D        | Reached skill level 15 in Invocations
  1222 | D        | Killed a two-headed ogre
  1222 | D        | Killed a stone giant
  1222 | D        | Killed a two-headed ogre
  1223 | D        | Gained mutation: You have a moderately thin skeletal
                  | structure. (Dex +4, Stealth++) [demonic ancestry]
  1223 | D        | Reached XP level 12. HP: 25/103 MP: 11/23
  1238 | D        | Got Waloto Hana's Guide on the Scorching Birds
  1287 | D        | Entered arena 14.
  1288 | D        | Noticed a rockslime
  1289 | D        | Noticed a rockslime
  1289 | D        | Noticed an azure jelly
  1289 | D        | Noticed an acid blob
  1291 | D        | Killed a rockslime
  1292 | D        | Killed a rockslime
  1293 | D        | Found a transporter.
  1295 | D        | Killed an acid blob
  1295 | D        | Gained mutation: Your body sometimes deteriorates upon
                  | taking damage. [a shining eye]
  1298 | D        | Reached skill level 16 in Invocations
  1299 | D        | Killed an azure jelly
  1421 | D        | Entered arena 15.
  1422 | D        | Noticed a daeva
  1423 | D        | Noticed a daeva
  1423 | D        | Noticed a pearl dragon
  1423 | D        | Noticed an angel
  1424 | D        | Found a transporter.
  1426 | D        | Killed from afar by a daeva

Illustrated notes

Levels and vault maps discovered:
D:        sprint_v [room_start, room_1, room_2, room_3, room_4, room_5, room_6,
          room_7, room_8, room_9, room_10, room_11, room_12, room_13, room_14,
          room_15, room_16, room_17, room_18, room_19, room_20, room_21,
          room_22, room_23, room_24, room_25, room_26, room_27]

Skill      XL: |  1  2  3  4  5  6  7  8  9 10 11 12 |
---------------+-------------------------------------+-----
Long Blades    | 2 5 6 7 8 9 10 11 12 | 12.3
Armour         | 3 4 5 6 7 8 10 11 12 | 12.1
Dodging        | 1 3 4 5 6 7 8 9 11 | 11.8
Shields        | 3 4 5 6 7 8 10 11 12 | 12.1
Invocations    | 2 5 6 8 9 10 11 13 15 16 | 16.2
Evocations     | 1 3 4 5 6 7 9 10 12 | 12.7
Fighting       | 5 6 7 8 9 10 12 13 | 13.1

Action                   |  1- 3 |  4- 6 |  7- 9 | 10-12 || total
-------------------------+-------+-------+-------+-------++-------
Melee: Double sword      |     4 |    10 |    44 |    36 ||    94
       Tailslap          |       |     1 |     7 |     4 ||    12
Invok: Slouch            |       |       |     1 |     6 ||     7
  Use: Potion            |     1 |       |       |       ||     1
Armor: Plate armour      |     1 |    19 |    38 |    21 ||    79
Dodge: Dodged            |       |       |    29 |    18 ||    47
Block: Kite shield       |     4 |    26 |   117 |   110 ||   257
       Reflection        |       |       |     9 |       ||     9
